 Dungeon Crawl Stone Soup version 0.26-a0-651-gb41185065b (webtiles) character file.

Game seed: 13335123303539400509

31605 loralnil the Grappler (level 13, -8/132 HPs)
             Began as a Troll Fighter on Oct 16, 2020.
             Was the Champion of Cheibriados.
             Killed from afar by Azrael (22 damage)
             ... with a bolt of fire
             ... on level 13 of the Dungeon.
             The game lasted 00:27:10 (11855 turns).

loralnil the Grappler (Troll Fighter)              Turns: 11855, Time: 00:27:11

Health: -8/132     AC: 17    Str: 48    XL:     13   Next: 26%
Magic:  17/17      EV: 18    Int: 19    God:    Cheibriados [******]
Gold:   947        SH: 20    Dex: 28    Spells: 12/12 levels left

rFire    . . .     SeeInvis .     - Unarmed
rCold    . . .     Faith    .   b - +0 kite shield
rNeg     . . .     Spirit   .   B - +0 swamp dragon scales
rPois    +         Reflect  +   o - +1 hat
rElec    .         Harm     .   F - +2 cloak
rCorr    +         Rampage  .   (gloves unavailable)
MR       .....                  (boots unavailable)
Stlth    ++........             E - amulet of reflection
HPRegen  0.72/turn              J - ring "Dunimman" {rCorr Str+4 Dex+2}
MPRegen  0.15/turn              H - +4 ring of slaying

@: very slow
A: large, unfitting armour, claws 3, iridescent scales 1, regeneration 1, shaggy
fur 1, tough skin 3, wild magic 1
a: Bend Time, Temporal Distortion, Slouch, Step From Time, Renounce Religion


You were on level 13 of the Dungeon.
You worshipped Cheibriados.
Cheibriados was exalted by your worship.
You visited 1 branch of the dungeon, and saw 13 of its levels.
You also visited: Ice Cave.

You collected 1227 gold pieces.
You spent 280 gold pieces at shops.

Inventory:

Armour
 b - a +0 kite shield (worn)
 o - a +1 hat (worn)
 B - +0 swamp dragon scales (worn)
 F - a +2 cloak (worn)
Jewellery
 h - an uncursed ring of protection from cold
 l - an uncursed ring of magical power
 q - an uncursed amulet of faith
 r - an uncursed amulet of guardian spirit
 v - an uncursed ring of positive energy
 E - an amulet of reflection (around neck)
 H - a +4 ring of slaying (right claw)
 J - the ring "Dunimman" (left claw) {rCorr Str+4 Dex+2}
   (You found it in an ice cave)

   [ring of resist corrosion]

   It affects your strength (+4).
   It affects your dexterity (+2).
   It provides partial protection from all sources of acid and corrosion.
 O - an uncursed ring of see invisible {unknown}
Wands
 e - a wand of flame (22)
 y - a wand of iceblast (3)
 G - a wand of digging (15)
 I - a wand of acid (20)
 M - a wand of disintegration (12)
Scrolls
 d - 3 scrolls of amnesia
 j - 3 scrolls of remove curse
 m - 2 scrolls of teleportation {unknown}
 n - 2 scrolls of enchant armour
 p - 3 scrolls of fear
 s - 3 scrolls of magic mapping
 t - 4 scrolls of enchant weapon
 w - a scroll of fog
 x - 2 scrolls of blinking
 A - a scroll of random uselessness {unknown}
 K - a scroll of brand weapon {unknown}
 N - a scroll of torment {unknown}
Potions
 a - a potion of mutation
 c - 5 potions of might
 f - 2 potions of brilliance
 g - 2 potions of invisibility
 i - 2 potions of flight
 k - 2 potions of magic
 u - 4 potions of lignification
 z - 4 potions of curing
 C - 2 potions of stabbing
 D - a potion of ambrosia
 L - a potion of heal wounds


   Skills:
 + Level 9.6 Fighting
 + Level 9.6 Dodging
 - Level 9.0 Shields
 + Level 11.1 Unarmed Combat
 + Level 7.6 Invocations


You had 12 spell levels left.
You didn't know any spells.
Your spell library contained the following spells:

 Spells                   Type           Power        Failure   Level
 Freeze                   Ice            #...         34%         1
 Magic Dart               Conj           #...         34%         1
 Ensorcelled Hibernation  Hex/Ice        #.....       45%         2
 Searing Ray              Conj           #.....       45%         2
 Dazzling Flash           Conj/Hex       #.....       69%         3
 Ignite Poison            Fire/Tmut/Pois #.......     69%         3
 Fulminant Prism          Conj/Hex       #.........   97%         4
 Hailstorm                Conj/Ice       #.......     97%         4
 Ice Form                 Ice/Tmut       #.......     97%         4
 Iskenderun's Mystic Bla  Conj/Tloc      #.......     97%         4
 Fireball                 Conj/Fire      #.........   100%        5
 Ozocubu's Refrigeration  Ice            #.........   100%        6
 Starburst                Conj/Fire      #.........   100%        6
 Ignition                 Fire           #.........   100%        8


Dungeon Overview and Level Annotations

Branches:
Dungeon (13/15)            Temple (0/1) D:7            Lair (0/6) D:8
    Orc (0/2) D:9          Vaults (0/5) D:13          IceCv (visited)

Altars:
Cheibriados
Trog

Shops:
D:8 (   D:9 *   D:11 !}}:[

Annotations:
D:4 3 runed translucent doors, gbos's ghost, amateur GnWn
D:13 Azrael


Innate Abilities, Weirdness & Mutations

You are too large for most types of armour.
You have claws for hands.
Your natural rate of healing is unusually fast.
You are covered in fur. (AC +1)
You have extremely tough skin. (AC +3)
You are partially covered in iridescent scales. (AC +2)
Your spells are a little harder to cast, but a little more powerful.


Message History

Deactivating autopickup; reactivate with Ctrl-A.
The hell hound bites you but does no damage.
You swing at nothing.
Something hits you but does no damage. Azrael gestures at you.
The bolt of fire hits the hell hound.
The hell hound completely resists.
The bolt of fire hits the hell hound.
The hell hound completely resists.
The bolt of fire hits you!!!
* * * LOW HITPOINT WARNING * * *
You block the hell hound's attack.
You swing at nothing.
Something closely misses you. The hell hound breathes flames at you.
The blast of flame hits the hell hound.
The hell hound completely resists.
The blast of flame hits you!
* * * LOW HITPOINT WARNING * * *
You block the hell hound's attack. Azrael gestures at you.
The bolt of fire hits the hell hound.
The hell hound completely resists.
The bolt of fire hits the hell hound.
The hell hound completely resists.
The bolt of fire hits you!!
You die... #.##..#.# .#..#.........#.## #.#..#### #..##...###.#..# #...# . ##..#...# #..... #..## . ###.....####.... ###.##h# #. #.##.....###.#.. #....#○# ###.## #.#....#..##.... ..#.##h# #....○ ##.##.#..#..###.. .####R .##...)H##§§.####..#.####. ##YWh

☼...⌠Rhh@§§...)##.#..###.
.####.
.##....Y##...#'##..##...#.
..#.##.# #.....
##.##.#).#####... #....#.#
###.## #.#............(
###.##$# #.#
#)##....#####... #..##
###. .######...### ##..
##..##$.. ...##....# #..
##..####. .####....## #..
##..#.##.##.#....## ###


You could see Azrael, a manticore, 2 hell hounds and a sky beast.

Vanquished Creatures
  Nessos (D:13)
  Erolcha (D:10)
  A centaur warrior (D:13)
  2 death knights
  4 two-headed ogres
  A tengu warrior (D:13)
  An unseen horror (D:12)
  A wizard (D:13)
  A deep elf mage (D:12)
  4 ugly things
  A wolf spider (D:12)
  3 cyclopes (D:11)
  A manticore (D:11)
  2 centaur zombies (D:12)
  3 ice statues (IceCv)
  A gargoyle (D:12)
  Maggie (D:6)
  A komodo dragon (D:13)
  3 kobold demonologists (D:12)
  An efreet (D:13)
  A freezing wraith (D:13)
  A queen bee (D:8)
  5 trolls
  A slime creature (D:12)
  3 hippogriffs
  2 shadows
  Sigmund (D:3)
  7 yaks
  A wraith (D:12)
  2 wyverns
  A fire elemental (D:13)
  Edmund (D:5)
  3 water moccasins
  A hell hound (D:13)
  4 porcupines (D:8)
  Duvessa (D:6)
  22 ice beasts
  2 sky beasts
  9 orc warriors
  3 phantoms
  A black bear (D:8)
  3 eyes of draining
  14 ogres
  7 centaurs
  2 crocodiles
  2 big kobolds (D:12)
  8 bullfrogs
  A wyvern zombie (D:11)
  A gnoll sergeant (D:9)
  Dowan (D:6)
  5 scorpions
  9 killer bees (D:8)
  10 wights
  3 howler monkeys
  3 bullfrog zombies
  15 hounds
  3 gnoll shamans (D:9)
  2 jellies
  22 orc priests
  7 centaur skeletons
  3 bullfrog skeletons
  3 iguanas
  16 orc wizards
  A killer bee zombie (D:5)
  9 worker ants
  A howler monkey zombie (D:10)
  3 worker ant zombies
  2 howler monkey skeletons
  10 adders
  3 gnolls (D:9)
  A shadow imp (D:5)
  3 white imps
  2 ufetubi (D:5)
  3 adder zombies
  2 adder skeletons (D:4)
  3 worms
  4 dart slugs
  4 leopard geckos
  88 orcs
  6 bats
  4 giant cockroaches
  8 goblins
  18 hobgoblins
  2 jackals (D:1)
  8 kobolds
  5 quokkas
  A ball python (D:2)
  2 frilled lizards
  A leopard gecko zombie (D:9)
  A quokka skeleton (D:8)
  7 rats
448 creatures vanquished.

Vanquished Creatures (others)
  An orc (D:11)
  52 fungi (D:8)
  95 plants
148 creatures vanquished.

Grand Total: 596 creatures vanquished

Notes
Turn   | Place    | Note
-------+----------+-------------------------------------------
     0 | D:1      | loralnil the Troll Fighter began the quest for the Orb.
     0 | D:1      | Reached XP level 1. HP: 22/22 MP: 0/0
   243 | D:1      | Reached XP level 2. HP: 27/29 MP: 1/1
  1136 | D:2      | Reached XP level 3. HP: 23/36 MP: 2/2
  1140 | D:2      | Gained mutation: You expend magic power (3 MP) to
                  | strengthen your wands. [potion of mutation]
  1140 | D:2      | Gained mutation: You occasionally shout uncontrollably at
                  | your foes. [potion of mutation]
  1140 | D:2      | Gained mutation: You are partially covered in thin metallic
                  | scales. (AC +2) [potion of mutation]
  1140 | D:2      | Gained mutation: You are partially covered in iridescent
                  | scales. (AC +2) [potion of mutation]
  1608 | D:2      | Reached XP level 4. HP: 44/44 MP: 3/3
  1993 | D:3      | Noticed Sigmund
  2015 | D:3      | Killed Sigmund
  2015 | D:3      | Reached skill level 3 in Unarmed Combat
  2015 | D:3      | Reached XP level 5. HP: 37/53 MP: 4/4
  2050 | D:3      | Lost mutation: You occasionally shout uncontrollably at
                  | your foes. [potion of mutation]
  2050 | D:3      | Lost mutation: You are partially covered in thin metallic
                  | scales. (AC +2) [potion of mutation]
  2050 | D:3      | Lost mutation: You expend magic power (3 MP) to strengthen
                  | your wands. [potion of mutation]
  2050 | D:3      | Gained mutation: You are clumsy. (Dex -2) [potion of
                  | mutation]
  2050 | D:3      | Gained mutation: Your spells are a little harder to cast,
                  | but a little more powerful. [potion of mutation]
  2050 | D:3      | Lost mutation: You are clumsy. (Dex -2) [potion of
                  | mutation]
  2221 | D:3      | Reached XP level 6. HP: 58/61 MP: 5/5
  2706 | D:4      | Found a runed translucent gate.
  2708 | D:4      | Found a runed translucent gate.
  2709 | D:4      | Found a runed translucent gate.
  2720 | D:4      | Reached skill level 4 in Unarmed Combat
  2838 | D:4      | Reached XP level 7. HP: 58/68 MP: 6/6
  3006 | D:4      | Noticed gbos's ghost (amateur GnWn)
  3099 | D:4      | Found a snail-covered altar of Cheibriados.
  3124 | D:4      | Became a worshipper of Cheibriados the Contemplative
  3432 | D:5      | Entered Level 5 of the Dungeon
  3532 | D:5      | Reached skill level 5 in Unarmed Combat
  3542 | D:5      | Reached XP level 8. HP: 78/79 MP: 5/7
  3861 | D:5      | Noticed Edmund
  3870 | D:5      | Killed Edmund
  3870 | D:5      | Reached * piety under Cheibriados
  3921 | D:5      | Reached skill level 5 in Fighting
  4000 | D:5      | Found a bloodstained altar of Trog.
  4033 | D:5      | Reached skill level 5 in Dodging
  4033 | D:5      | Reached skill level 5 in Shields
  4446 | D:6      | Noticed Maggie
  4466 | D:6      | Killed Maggie
  4466 | D:6      | Reached skill level 6 in Unarmed Combat
  4605 | D:6      | Reached XP level 9. HP: 83/88 MP: 6/8
  4754 | D:6      | Noticed Dowan
  4755 | D:6      | Noticed Duvessa
  4771 | D:6      | Killed Duvessa
  4776 | D:6      | Killed Dowan
  5212 | D:7      | Reached ** piety under Cheibriados
  5259 | D:7      | Found a staircase to the Ecumenical Temple.
  5788 | D:8      | Reached skill level 7 in Unarmed Combat
  5830 | D:8      | Reached *** piety under Cheibriados
  5841 | D:8      | Reached XP level 10. HP: 89/100 MP: 3/9
  5859 | D:8      | Reached skill level 1 in Invocations
  5892 | D:8      | Found a staircase to the Lair.
  6315 | D:8      | Noticed a two-headed ogre
  6323 | D:8      | Killed a two-headed ogre
  6505 | D:8      | Found Wum Rud's Weapon Boutique.
  6564 | D:8      | Reached **** piety under Cheibriados
  6564 | D:8      | Reached skill level 8 in Unarmed Combat
  6787 | D:9      | Found Baimam's Assorted Antiques.
  6793 | D:9      | Bought a scroll of identify for 40 gold pieces
  6793 | D:9      | Bought a scroll of identify for 40 gold pieces
  6880 | D:9      | Reached ***** piety under Cheibriados
  7038 | D:9      | Reached XP level 11. HP: 104/109 MP: 12/12
  7039 | D:9      | Noticed a two-headed ogre
  7046 | D:9      | Killed a two-headed ogre
  7528 | D:9      | Found a staircase to the Orcish Mines.
  7966 | D:10     | Entered Level 10 of the Dungeon
  8006 | D:10     | Reached skill level 9 in Unarmed Combat
  8153 | D:10     | Reached ****** piety under Cheibriados
  8185 | D:10     | Noticed Erolcha
  8190 | D:10     | Killed Erolcha
  8640 | D:10     | Identified the +3 scale mail of Summer {Rampage rElec rC+}
  8643 | D:10     | Noticed a two-headed ogre
  8649 | D:10     | Killed a two-headed ogre
  8651 | D:10     | Reached skill level 5 in Invocations
  8919 | D:11     | Found Etaxehu's Antique Armour Boutique.
  8943 | D:11     | Found a frozen archway.
  8979 | IceCv    | Entered an ice cave
  9029 | IceCv    | Noticed a white ugly thing
  9036 | IceCv    | Killed a white ugly thing
  9056 | IceCv    | Reached XP level 12. HP: 66/122 MP: 15/15
  9462 | IceCv    | Got a scintillating turquoise ring
  9470 | IceCv    | Identified the Tome of the Snowflakes
  9477 | IceCv    | Identified the ring "Dunimman" {rCorr Str+4 Dex+2} (You
                  | found it in an ice cave)
  9541 | D:11     | Found Gyxtits's Book Shoppe.
  9664 | D:11     | Found Anatzaecw's Gadget Boutique.
  9763 | D:11     | Noticed a two-headed ogre
  9771 | D:11     | Killed a two-headed ogre
  9771 | D:11     | Reached skill level 10 in Unarmed Combat
  9812 | D:11     | Found Fourheoss's Distillery.
  9820 | D:11     | Bought 3 potions of might for 120 gold pieces
  9820 | D:11     | Bought a potion of invisibility for 80 gold pieces
 10071 | D:11     | Found Poxoupp's Gadget Boutique.
 10208 | D:12     | Noticed a death knight
 10223 | D:11     | Killed a death knight
 11125 | D:12     | Noticed a death knight
 11133 | D:12     | Killed a death knight
 11509 | D:13     | Reached XP level 13. HP: 131/131 MP: 17/17
 11512 | D:13     | Noticed Nessos
 11521 | D:13     | Killed Nessos
 11643 | D:13     | Found a gate to the Vaults.
 11648 | D:13     | Reached skill level 11 in Unarmed Combat
 11747 | D:13     | Noticed Azrael
 11855 | D:13     | Killed from afar by Azrael

Illustrated notes

Levels and vault maps discovered:
D:1:      giann_forest_graveyard, layout_rooms, serial_co_window_serial,
          co_window_corner_a, co_window_paths_a, co_window_corner_a,
          co_window_paths_b, co_window_paths_a, co_window_corner_ca,
          co_window_2corner, co_window_corner_b, co_window_4corner_b,
          co_window_paths_e, glass_columns_a, glass_columns_b, glass_columns_b,
          glass_columns_a, grunt_decor_cap
D:2:      minmay_general_purpose_star, layout_basic, minmay_misc_feat_tiny
D:3:      layout_basic, serial_curves, eino_curves_04, eino_curves_04,
          uniq_sigmund
D:4:      layout_rooms, kennysheep_slug_shrine, gammafunk_ghost_necromancy,
          minmay_circle_x
D:5:      layout_rooms, lemuel_altar_in_water, uniq_edmund
D:6:      layout_cave_pods, uniq_maggie, uniq_duvessa
D:7:      layout_rooms, minmay_temple_entry_glass
D:8:      layout_basic, due_lair_maze_entry_diamond, serial_shops,
          kennysheep_mini_moat, nicolae_looking_at_the_future
D:9:      kennysheep_housing_project, layout_basic, hiddenorc2_lemuel,
          serial_shops, nicolae_shop_statue_plus
D:10:     layout_loops_corners, uniq_erolcha
D:11:     layout_roguey, serial_shops, shop_fountains,
          nicolae_shop_window_shopping, nicolae_shop_stone, shop,
          kennysheep_mini, portal_ice_cave_entry_ice_beasts
D:12:     hangedman_arrow_trap, layout_basic
D:13:     layout_rooms, david_vaults_1, chequers_mini_garden,
          minmay_fractal_squares_gapless_7, uniq_nessos, uniq_azrael

Skill      XL: |  1  2  3  4  5  6  7  8  9 10 11 12 13 |
---------------+----------------------------------------+-----
Fighting       | 3 4 5 6 7 8 9 |  9.6
Dodging        | 3 4 5 6 7 8 9 |  9.6
Shields        | 3 4 5 6 7 8 9 |  9.0
Unarmed Combat | 3 4 5 6 7 8 9 10 11 | 11.1
Invocations    | 3 5 7 |  7.6

Action                   |  1- 3 |  4- 6 |  7- 9 | 10-12 | 13-15 || total
-------------------------+-------+-------+-------+-------+-------++-------
Melee: Unarmed           |    94 |   105 |   354 |   722 |    73 ||  1348
Invok: Step From Time    |       |       |       |     1 |       ||     1
  Use: Scroll            |     5 |     3 |     6 |     6 |       ||    20
       Potion            |     1 |     1 |       |     1 |       ||     3
 Stab: Sleeping          |       |       |       |     3 |       ||     3
       Distracted        |       |       |       |     1 |       ||     1
Armor: Robe              |    44 |    29 |    64 |       |       ||   137
       Swamp dragon scal |       |       |    39 |   159 |    35 ||   233
Dodge: Dodged            |    32 |    36 |   120 |   333 |    64 ||   585
Block: Kite shield       |    41 |    43 |   203 |   731 |   118 ||  1136
       Reflection        |       |       |       |    30 |     6 ||    36

Table legend: (Time is in decaauts)
 A = Elapsed time spent in this place.
 B = Non-inter-level travel time spent in this place.
 C = Inter-level travel time spent in this place.
 D = Time resting spent in this place.
 E = Time spent auto-exploring this place.
 F = Levels seen in this place.
 G = Mean time per level.
                   A        B        C        D        E       F      G
               +--------+--------+--------+--------+--------+-----+--------+
         Total |  16262 |  15676 |    586 |    477 |  11788 |  14 | 1161.6 |
       Dungeon |  15641 |  15055 |    586 |    151 |  11738 |  13 | 1203.2 |
      Ice Cave |    620 |    620 |      0 |    326 |     50 |   1 |  620.0 |
               +--------+--------+--------+--------+--------+-----+--------+

Top non-repeatable levels by time:
     D:9: 2029 daAuts
    D:12: 1881 daAuts
    D:10: 1703 daAuts
     D:8: 1573 daAuts
    D:11: 1420 daAuts
     D:6: 1152 daAuts
     D:5: 1085 daAuts
     D:1: 1045 daAuts
     D:2: 947 daAuts
     D:4: 825 daAuts
    D:13: 699 daAuts
     D:3: 687 daAuts
   IceCv: 620 daAuts
     D:7: 590 daAuts
